% Time on Ice - SAN JOSE BRONCOS
Lines # - Real PCT - Wanted PCT - Time Play
Normal Forward
1 - 31% - 30% - 15:59
2 - 30% - 30% - 15:06
3 - 25% - 30% - 12:43
4 - 14% - 10% - 7:04
Normal Defense
1 - 34% - 35% - 17:24
2 - 35% - 35% - 17:35
3 - 29% - 30% - 14:55
4 - 2% - 0% - 0:58
PP Forward
1 - 52% - 50% - 2:04
2 - 48% - 50% - 1:54
PP Defense
1 - 39% - 50% - 1:33
2 - 61% - 50% - 2:25
PK Forward
1 - 46% - 50% - 2:24
2 - 54% - 50% - 2:46
PK Defense
1 - 59% - 50% - 3:03
2 - 41% - 50% - 2:07
PK3 Forward
1 - 0% - 50%
2 - 0% - 50%
PK3 Defense
1 - 0% - 50%
2 - 0% - 50%
44 Forward
1 - 0% - 50%
2 - 0% - 50%
44 Defense
1 - 0% - 50%
2 - 0% - 50%
Last Minute Offensive  - 0:00
Last Minute Defensive  - 0:00
Total
Forward - 60:00
Defense - 60:00
% Time on Ice - ANAHEIM OUTLAWS
Lines # - Real PCT - Wanted PCT - Time Play
Normal Forward
1 - 36% - 36% - 18:24
2 - 29% - 31% - 14:51
3 - 25% - 23% - 12:36
4 - 10% - 10% - 5:01
Normal Defense
1 - 34% - 36% - 17:05
2 - 28% - 31% - 14:26
3 - 28% - 23% - 14:01
4 - 10% - 10% - 5:20
PP Forward
1 - 52% - 55% - 2:41
2 - 48% - 45% - 2:29
PP Defense
1 - 37% - 55% - 1:56
2 - 63% - 45% - 3:14
PK Forward
1 - 63% - 55% - 2:29
2 - 37% - 45% - 1:29
PK Defense
1 - 37% - 55% - 1:27
2 - 63% - 45% - 2:31
PK3 Forward
1 - 0% - 55%
2 - 0% - 45%
PK3 Defense
1 - 0% - 55%
2 - 0% - 45%
44 Forward
1 - 0% - 55%
2 - 0% - 45%
44 Defense
1 - 0% - 55%
2 - 0% - 45%
Last Minute Offensive  - 0:00
Last Minute Defensive  - 0:00
Total
Forward - 60:00
Defense - 60:00
Play-by-Play 1st period 0:01 of 1st period - Brayden Point wins face-off versus Christian Fischer in neutral zone. 0:30 of 1st period - Shot by Jesper Bratt. 0:30 of 1st period - Shot Misses the Net. 0:32 of 1st period - Shot by Jesper Bratt. 0:32 of 1st period - Stopped by Robin Lehner without a rebound. 0:33 of 1st period - Elias Lindholm wins face-off versus Michael Bunting in ANAHEIM OUTLAWS zone. 1:35 of 1st period - Chris Tanev is hit by Adrian Kempe and loses puck. 1:57 of 1st period - Mikael Granlund is hit by Thomas Hickey and loses puck. 2:15 of 1st period - Minor Penalty to Brayden Point for Holding. 2:16 of 1st period - Adrian Kempe wins face-off versus Nick Bonino in SAN JOSE BRONCOS zone. 2:23 of 1st period - Shot by Kasperi Kapanen. 2:23 of 1st period - Stopped by Jacob Markstrom with a rebound. 4:21 of 1st period - Shot by Jesper Bratt. 4:21 of 1st period - Stopped by Robin Lehner without a rebound. 4:22 of 1st period - Brayden Point wins face-off versus Michael Rasmussen in ANAHEIM OUTLAWS zone. 4:29 of 1st period - Shot by Brayden Point. 4:29 of 1st period - Shot Misses the Net. 4:31 of 1st period - Shot by Adam Pelech. 4:31 of 1st period - Shot Blocked by Evgeny Kuznetsov. 4:33 of 1st period - Shot by Brayden Point. 4:33 of 1st period - Deflect By Jesper Bratt. 4:33 of 1st period - Shot Misses the Net. 4:35 of 1st period - Shot by Jesper Bratt. 4:35 of 1st period - Stopped by Robin Lehner without a rebound. 4:36 of 1st period - Jeff Skinner wins face-off versus Jesper Bratt in ANAHEIM OUTLAWS zone. 4:38 of 1st period - Icing by Sam Bennett. 4:39 of 1st period - Jeff Skinner wins face-off versus Brayden Point in ANAHEIM OUTLAWS zone. 4:39 of 1st period - Jeff Skinner is hit by Brayden Point. 4:52 of 1st period - Noah Hanifin is hit by Brayden Point. 4:53 of 1st period - Icing by Noah Hanifin. 4:54 of 1st period - Mikael Granlund wins face-off versus Jeff Skinner in ANAHEIM OUTLAWS zone. 4:57 of 1st period - Shot by Mikael Granlund. 4:57 of 1st period - Deflect By Oliver Wahlstrom. 4:57 of 1st period - Stopped by Robin Lehner without a rebound. 4:58 of 1st period - Mikael Granlund wins face-off versus Michael Rasmussen in ANAHEIM OUTLAWS zone. 6:06 of 1st period - Minor Penalty to Anthony Beauvillier for Roughing. 6:07 of 1st period - Jordan Staal wins face-off versus Nick Bonino in SAN JOSE BRONCOS zone. 6:20 of 1st period - Shot by Adrian Kempe. 6:20 of 1st period - Shot Blocked by Neal Pionk. 6:22 of 1st period - Shot by Noah Hanifin. 6:22 of 1st period - Stopped by Jacob Markstrom with a rebound. 6:39 of 1st period - Icing by Noah Hanifin. 6:40 of 1st period - Jordan Staal wins face-off versus Elias Lindholm in ANAHEIM OUTLAWS zone. 6:48 of 1st period - Icing by Jake DeBrusk. 6:49 of 1st period - Nick Bonino wins face-off versus Jordan Staal in ANAHEIM OUTLAWS zone. 6:49 of 1st period - Connor Brown is hit by Haydn Fleury. 7:00 of 1st period - Icing by Haydn Fleury. 7:01 of 1st period - Jordan Staal wins face-off versus Mikael Granlund in ANAHEIM OUTLAWS zone. 7:18 of 1st period - Shot by Jordan Staal. 7:18 of 1st period - Goal by Jordan Staal - SAN JOSE BRONCOS : 0 - ANAHEIM OUTLAWS : 1. 7:19 of 1st period - Brayden Point wins face-off versus Michael Rasmussen in neutral zone. 7:34 of 1st period - Shot by Jesper Bratt. 7:34 of 1st period - Shot Misses the Net. 7:36 of 1st period - Shot by Jesper Bratt. 7:36 of 1st period - Shot Blocked by Christian Fischer. 8:13 of 1st period - Icing by Christian Fischer. 8:14 of 1st period - Elias Lindholm wins face-off versus Michael Rasmussen in ANAHEIM OUTLAWS zone. 8:15 of 1st period - Shot by Connor Brown. 8:15 of 1st period - Shot Misses the Net. 8:17 of 1st period - Shot by Connor Brown. 8:17 of 1st period - Shot Misses the Net. 8:52 of 1st period - Shot by Anthony Beauvillier. 8:52 of 1st period - Shot Blocked by Henri Jokiharju. 8:54 of 1st period - Shot by Zdeno Chara. 8:54 of 1st period - Stopped by Robin Lehner without a rebound. 8:55 of 1st period - Nick Bonino wins face-off versus Jordan Staal in ANAHEIM OUTLAWS zone. 9:17 of 1st period - Shot by Kasperi Kapanen. 9:17 of 1st period - Shot Misses the Net. 9:19 of 1st period - Shot by Haydn Fleury. 9:19 of 1st period - Stopped by Jacob Markstrom with a rebound. 9:21 of 1st period - Shot by Michael Bunting. 9:21 of 1st period - Deflect By Kasperi Kapanen. 9:21 of 1st period - Shot Blocked by Chris Tanev. 9:33 of 1st period - Shot by Michael Bunting. 9:33 of 1st period - Shot Misses the Net. 10:15 of 1st period - Shot by Jesper Bratt. 10:15 of 1st period - Shot Misses the Net. 10:33 of 1st period - Shot by Brayden Point. 10:33 of 1st period - Shot Misses the Net. 10:47 of 1st period - Shot by Sam Bennett. 10:47 of 1st period - Stopped by Jacob Markstrom without a rebound. 10:48 of 1st period - Jordan Staal wins face-off versus Anthony Beauvillier in SAN JOSE BRONCOS zone. 11:41 of 1st period - Shot by Sam Bennett. 11:41 of 1st period - Shot Blocked by Adam Pelech. 11:49 of 1st period - Sam Bennett is hit by Connor Brown and loses puck. 12:10 of 1st period - Icing by Zdeno Chara. 12:11 of 1st period - Adrian Kempe wins face-off versus Elias Lindholm in SAN JOSE BRONCOS zone. 12:22 of 1st period - Shot by Pius Suter. 12:22 of 1st period - Shot Misses the Net. 12:25 of 1st period - Icing by Connor Brown. 12:26 of 1st period - Michael Rasmussen wins face-off versus Elias Lindholm in SAN JOSE BRONCOS zone. 12:51 of 1st period - Shot by Evgeny Kuznetsov. 12:51 of 1st period - Stopped by Jacob Markstrom without a rebound. 12:52 of 1st period - Mikael Granlund wins face-off versus Jordan Staal in SAN JOSE BRONCOS zone. 12:52 of 1st period - Mikael Granlund is hit by Jordan Staal. 13:44 of 1st period - Icing by Jordan Staal. 13:45 of 1st period - Jordan Staal wins face-off versus Brayden Point in ANAHEIM OUTLAWS zone. 14:21 of 1st period - Shot by Brayden Point. 14:21 of 1st period - Shot Misses the Net. 15:48 of 1st period - Shot by Connor Brown. 15:48 of 1st period - Shot Blocked by Haydn Fleury. 15:51 of 1st period - Minor Penalty to Haydn Fleury for Goalie Interference. 15:52 of 1st period - Brayden Point wins face-off versus Jordan Staal in ANAHEIM OUTLAWS zone. 15:55 of 1st period - Shot by Oliver Bjorkstrand. 15:55 of 1st period - Deflect By Elias Lindholm. 15:55 of 1st period - Shot Blocked by Jordan Staal. 16:51 of 1st period - Shot by Connor Brown. 16:51 of 1st period - Deflect By Mikael Granlund. 16:51 of 1st period - Shot Blocked by Nikolai Knyzhov. 16:53 of 1st period - Shot by Jesper Bratt. 16:53 of 1st period - Shot Misses the Net. 16:57 of 1st period - Shot by Neal Pionk. 16:57 of 1st period - Stopped by Robin Lehner without a rebound. 16:58 of 1st period - Jordan Staal wins face-off versus Mikael Granlund in ANAHEIM OUTLAWS zone. 17:30 of 1st period - Shot by Connor Brown. 17:30 of 1st period - Shot Misses the Net. 17:40 of 1st period - Shot by Elias Lindholm. 17:40 of 1st period - Stopped by Robin Lehner without a rebound. 17:41 of 1st period - Brayden Point wins face-off versus Adrian Kempe in ANAHEIM OUTLAWS zone. 17:56 of 1st period - Shot by David Kampf. 17:56 of 1st period - Stopped by Robin Lehner with a rebound. 17:58 of 1st period - Shot by Tyler Motte. 17:58 of 1st period - Shot Misses the Net. 18:06 of 1st period - Shot by Nick Bonino. 18:06 of 1st period - Shot Blocked by Noah Hanifin. 18:12 of 1st period - Shot by Tyler Motte. 18:12 of 1st period - Shot Misses the Net. 18:18 of 1st period - Shot by Nick Bonino. 18:18 of 1st period - Stopped by Robin Lehner with a rebound. 18:41 of 1st period - Christian Fischer is hit by Elias Lindholm and loses puck. 18:50 of 1st period - Shot by Elias Lindholm. 18:50 of 1st period - Stopped by Robin Lehner without a rebound. 18:51 of 1st period - Jordan Staal wins face-off versus Brayden Point in ANAHEIM OUTLAWS zone. 19:08 of 1st period - Shot by Jesper Bratt. 19:08 of 1st period - Shot Misses the Net. Goals for this period are 0 for SAN JOSE BRONCOS vs 1 for ANAHEIM OUTLAWS. Shots for this period are 10 for SAN JOSE BRONCOS vs 6 for ANAHEIM OUTLAWS. 2nd period 0:01 of 2nd period - Jordan Staal wins face-off versus Mikael Granlund in neutral zone. 0:22 of 2nd period - Ian Mitchell is hit by Oliver Wahlstrom and loses puck. 0:27 of 2nd period - Shot by Mikael Granlund. 0:27 of 2nd period - Deflect By David Kampf. 0:27 of 2nd period - Stopped by Robin Lehner without a rebound. 0:28 of 2nd period - Michael Rasmussen wins face-off versus Elias Lindholm in ANAHEIM OUTLAWS zone. 0:30 of 2nd period - Evgeny Kuznetsov is hit by Anthony Beauvillier and loses puck. 0:40 of 2nd period - Connor Brown is hit by Henri Jokiharju and loses puck. 0:47 of 2nd period - Shot by Connor Brown. 0:47 of 2nd period - Stopped by Robin Lehner without a rebound. 0:48 of 2nd period - Jordan Staal wins face-off versus Brayden Point in ANAHEIM OUTLAWS zone. 0:48 of 2nd period - Jordan Staal is hit by Oliver Bjorkstrand. 0:59 of 2nd period - Icing by Mike Reilly. 1:00 of 2nd period - Brayden Point wins face-off versus Michael Rasmussen in SAN JOSE BRONCOS zone. 1:04 of 2nd period - Icing by Jesper Bratt. 1:05 of 2nd period - Michael Rasmussen wins face-off versus Oliver Bjorkstrand in SAN JOSE BRONCOS zone. 1:06 of 2nd period - Shot by Evgeny Kuznetsov. 1:06 of 2nd period - Deflect By Christian Fischer. 1:06 of 2nd period - Shot Blocked by Chris Tanev. 1:51 of 2nd period - Shot by Brayden Point. 1:51 of 2nd period - Stopped by Robin Lehner with a rebound. 2:01 of 2nd period - Shot by Mikael Granlund. 2:01 of 2nd period - Deflect By David Kampf. 2:01 of 2nd period - Stopped by Robin Lehner without a rebound. 2:02 of 2nd period - Jordan Staal wins face-off versus Mikael Granlund in ANAHEIM OUTLAWS zone. 2:20 of 2nd period - Shot by Kasperi Kapanen. 2:20 of 2nd period - Stopped by Jacob Markstrom with a rebound. 2:22 of 2nd period - Shot by Michael Bunting. 2:22 of 2nd period - Shot Blocked by Mikael Granlund. 3:56 of 2nd period - Jeff Skinner is hit by Connor Brown and loses puck. 4:03 of 2nd period - Shot by Connor Brown. 4:03 of 2nd period - Shot